 Dungeon Crawl Stone Soup version 0.18-a0-1418-ga86aa8f (webtiles) character file.

29 Ijustatesigmund the Insei (level 3, -2/23 HPs)
             Began as an Octopode Transmuter on Feb 26, 2016.
             Slain by Crazy Yiuf
             ... wielding a +3 quarterstaff of chaos
              (5 damage)
             ... on level 2 of the Dungeon.
             The game lasted 00:02:16 (1131 turns).

Ijustatesigmund the Insei (Octopode Transmuter)     Turns: 1131, Time: 00:02:18

Health: -2/23      AC:  1    Str:  9    XL:     3   Next: 16%
Magic:  5/6        EV: 12    Int: 15    God:
Gold:   64         SH:  0    Dex: 13    Spells: 2 memorised, 3 levels left

rFire  . . .     SeeInvis .       - Unarmed
rCold  . . .     Gourm    .     (no shield)
rNeg   . . .     Faith    .     (helmet restricted)
rPois  .         Spirit   .     (no amulet)
rElec  .         Dismiss  .     (no ring)
rCorr  .         Reflect  .     (no ring)
SustAt .         Harm     .     (no ring)
MR     .....                    (no ring)
Stlth  ++........               (no ring)
                                (no ring)
                                (no ring)
                                (no ring)

@: appendage (expiring), not resistant to hostile enchantments, unstealthy
A: almost no armour, amphibious, 8 rings, constrict 8, tentacle spike 3,
camouflage 1, gelatinous body 1
a: End Transformation


You were on level 2 of the Dungeon.
You were hungry.
One of your tentacles had a temporary spike.
You visited 1 branch of the dungeon, and saw 2 of its levels.

You collected 64 gold pieces.

Inventory:

Missiles
 a - 60 arrows
Jewellery
 g - an uncursed ring of wizardry {unknown}
Potions
 d - 2 potions of cancellation {unknown}
 e - 2 potions of heal wounds {unknown}
 f - a potion of magic {unknown}
 i - a potion of beneficial mutation {unknown}
 k - a potion of flight {unknown}
Books
 b - a book of Changes

   Spells                             Type                      Level
   a - Beastly Appendage              Transmutation                1
   b - Sticks to Snakes               Transmutation                2
   c - Spider Form                    Transmutation/Poison         3
   d - Ice Form                       Ice/Transmutation            4
   e - Blade Hands                    Transmutation                5
Comestibles
 c - 2 bread rations
 j - a slice of pizza


   Skills:
 + Level 1.3 Fighting
 - Level 2.0 Dodging
 + Level 3.4 Unarmed Combat
 + Level 2.3 Spellcasting
 + Level 2.4 Transmutations


You had 3 spell levels left.
You knew the following spells:

 Your Spells              Type           Power        Failure   Level  Hunger
a - Beastly Appendage     Trmt           #.....       10%         1    #......
b - Sticks to Snakes      Trmt           #.......     12%         2    ###....


Dungeon Overview and Level Annotations

Branches:
Dungeon (2/15)

Altars:

Annotations:
D:2 Crazy Yiuf


Innate Abilities, Weirdness & Mutations

You cannot wear most types of armour.
You are amphibious.
You can wear up to eight rings at the same time.
You can use your tentacles to constrict eight enemies at once.
Your skin changes colour to match your surroundings (Stealth).
Your rubbery body absorbs attacks (AC +1).
One of your tentacles bears a large vicious spike.


Message History

There is an open door here.
Your transformation is almost over.
The helpless Crazy Yiuf fails to defend himself.
You tentacle-slap Crazy Yiuf. You grab Crazy Yiuf.
You pierce Crazy Yiuf, but do no damage.
Crazy Yiuf is lightly wounded.
You constrict Crazy Yiuf.
Crazy Yiuf hits you with a quarterstaff of chaos.
You are electrocuted!
Ouch! That really hurt!
* * * LOW HITPOINT WARNING * * *
Drink which item? (? for menu, Esc to quit)
Okay, then.
You tentacle-slap Crazy Yiuf.
You pierce Crazy Yiuf, but do no damage.
You squeeze Crazy Yiuf!
Crazy Yiuf is severely wounded.
You constrict Crazy Yiuf.
Crazy Yiuf hits you with a quarterstaff of chaos.
You die...

#.... #.# #....#
#### #.# #...##
... #.#.# ###
###.## #..#
♣♣♣♣♣###.#
#####♣♣♣.♣..#.#.#
#...#♣..♣..P....#
#g@.'.♣♣♣♣PP....#
#)..#♣♣ ♣♣P#..##
##### ♣♣####


You could see Crazy Yiuf.

Vanquished Creatures
  An ooze (D:1)
  A worm (D:1)
  A dart slug (D:1)
  A ball python (D:2)
  5 bats (D:1)
  A giant cockroach (D:1)
  2 goblins (D:1)
  2 hobgoblins
  2 kobolds
  A giant newt (D:1)
  A rat (D:1)
18 creatures vanquished.

Notes
Turn   | Place    | Note
--------------------------------------------------------------
     0 | D:1      | Ijustatesigmund the Octopode Transmuter began the quest for the Orb.
     0 | D:1      | Reached XP level 1. HP: 13/13 MP: 3/3
   172 | D:1      | Reached XP level 2. HP: 9/18 MP: 3/5
   181 | D:1      | Learned a level 2 spell: Sticks to Snakes
   883 | D:1      | Reached XP level 3. HP: 21/23 MP: 6/6
  1125 | D:2      | Noticed Crazy Yiuf
  1131 | D:2      | Slain by Crazy Yiuf

Vault maps used:
D:1:      minmay_arrival_five_plusses, serial_park_tiny_2
D:2:      lemuel_doored_altar, first_bread, uniq_robin, uniq_terence, uniq_iyjb,
          uniq_crazy_yiuf_cottage

Action                   || total
-------------------------++-------
Melee: Unarmed           ||    52
 Cast: Beastly Appendage ||     3
  Use: Scroll            ||     1
 Stab: Sleeping          ||     6
